 Dungeon Crawl Stone Soup version 0.18-a0-1285-g60d00e1 (webtiles) character file.

216 Gagarin the Charmwright (level 5, -9/35 HPs)
             Began as a High Elf Skald on Feb 8, 2016.
             Was a Follower of Qazlal.
             Killed from afar by a worm (24 damage)
             ... with an exploding inner flame
             ... hexed by the player character
             ... on level 4 of the Dungeon.
             The game lasted 00:08:45 (3493 turns).

Gagarin the Charmwright (High Elf Skald)            Turns: 3493, Time: 00:08:47

Health: -9/35      AC:  3    Str: 11    XL:     5   Next: 61%
Magic:  10/10      EV: 13    Int: 17    God:    Qazlal [*.....]
Gold:   147        SH:  2    Dex: 14    Spells: 3 memorised, 4 levels left

rFire  . . .     SeeInvis .     k - -2 whip (curse)
rCold  . . .     Gourm    .     b - +0 leather armour
rNeg   . . .     Faith    .     (no shield)
rPois  .         Spirit   .     (no helmet)
rElec  .         Dismiss  .     (no cloak)
rCorr  .         Reflect  .     (no gloves)
SustAt .         Harm     .     (no boots)
MR     .....                    (no amulet)
Stlth  +.........               (no ring)
                                (no ring)

@: not resistant to hostile enchantments, very unstealthy
A: no striking features
a: Renounce Religion


You were on level 4 of the Dungeon.
You worshipped Qazlal.
Qazlal was aware of your devotion.
You were not hungry.

You visited 1 branch of the dungeon, and saw 4 of its levels.

You collected 147 gold pieces.

Inventory:

Hand Weapons
 a - a +0 short sword
 k - a cursed -2 whip (weapon)
Missiles
 g - 34 bolts
Armour
 b - a +0 leather armour (worn)
Jewellery
 q - an uncursed ring of protection from fire {unknown}
Wands
 n - a wand of iceblast (10/15)
Scrolls
 e - 2 scrolls of immolation
 h - a scroll of fog {unknown}
 i - a scroll of fear {unknown}
 j - a scroll of random uselessness {unknown}
 p - a scroll of teleportation
Potions
 m - a potion of berserk rage {unknown}
Books
 c - a book of Battle

   Spells                             Type                      Level
   a - Infusion                       Charms                       1
   b - Shroud of Golubria             Charms/Translocation         2
   c - Song of Slaying                Charms                       2
   d - Spectral Weapon                Hexes/Charms                 3
   e - Regeneration                   Charms/Necromancy            3
Comestibles
 d - 2 bread rations
 l - 3 fruits
 o - 3 chunks of flesh


   Skills:
 + Level 2.6 Fighting
 + Level 3.7 Short Blades
 + Level 2.1 Armour
 + Level 3.2 Dodging
 + Level 0.8 Stealth
 + Level 3.1 Spellcasting
 + Level 4.3 Charms
 + Level 0.4 Translocations


You had 4 spell levels left.
You knew the following spells:

 Your Spells              Type           Power        Failure   Level  Hunger
a - Infusion              Chrm           ###.         4%          1    None
b - Shroud of Golubria    Chrm/Tloc      ##........   14%         2    ##.....
c - Spectral Weapon       Hex/Chrm       ##......     34%         3    ###....


Dungeon Overview and Level Annotations

Branches:
Dungeon (4/15)
 Temple: D:4-7

Altars:
Qazlal
Trog


Message History

It was a scroll of immolation.
Read which item? (? for menu, Esc to quit)
As you read the scroll labeled IFAUPO QEYQO, it crumbles to dust.
It is a scroll of recharging.
Charge which item? (? for menu, Esc to quit)
Your wand of iceblast glows for a moment.
Evoke which item? (* to show all) (? for menu, Esc to quit)
Zapping:
n - a wand of iceblast {recharged} (will waste charges)
Press: ? - help, Shift-Dir - straight line The mass of ice explodes!
The iceblast engulfs the worm.
The worm is severely wounded.
Evoking this partially-identified wand wasted a few charges.
You barely miss the worm.
The worm is severely wounded.
The worm is engulfed in freezing vapours.
The worm explodes!
You hear a sizzling sound!
The fiery explosion engulfs you!
Ouch! That really hurt!
You die...

#.# #.. #.#
####.##
#.....######
#?....#.....
#..........>
#.§§§...$...
#...@†#....
#..$§.# .
#..<..#
#.....#
#.....#
#######


There were no monsters in sight!

Vanquished Creatures
  An orc priest (D:3)
  An orc wizard (D:4)
  Jessica (D:2)
  A gnoll (D:1)
  5 adders
  7 giant geckos
  5 orcs (D:3)
  5 giant cockroaches
  10 goblins
  7 hobgoblins
  A jackal (D:1)
  7 kobolds
  A quokka (D:3)
  3 bats
  8 giant newts
  6 rats
69 creatures vanquished.

Notes
Turn   | Place    | Note
--------------------------------------------------------------
     0 | D:1      | Gagarin the High Elf Skald began the quest for the Orb.
     0 | D:1      | Reached XP level 1. HP: 14/14 MP: 4/4
    69 | D:1      | Reached XP level 2. HP: 16/19 MP: 0/6
   130 | D:1      | Reached skill level 4 in Charms
  1035 | D:1      | Reached XP level 3. HP: 11/24 MP: 4/8
  1039 | D:1      | Learned a level 2 spell: Shroud of Golubria
  1274 | D:2      | Noticed a fire elemental
  1276 | D:2      | Found a stormy altar of Qazlal.
  1278 | D:2      | Noticed a water elemental
  1278 | D:2      | Noticed an earth elemental
  1278 | D:2      | Noticed an air elemental
  1324 | D:2      | Reached skill level 1 in Armour
  1531 | D:2      | Noticed Jessica
  1625 | D:2      | Killed Jessica
  1625 | D:2      | Reached XP level 4. HP: 26/30 MP: 1/9
  1969 | D:2      | Learned a level 3 spell: Spectral Weapon
  1998 | D:2      | Found a bloodstained altar of Trog.
  2561 | D:3      | Found a faded altar to an unknown god.
  2615 | D:3      | Became a worshipper of Qazlal Stormbringer
  2615 | D:3      | Reached * piety under Qazlal
  3045 | D:3      | Reached XP level 5. HP: 21/35 MP: 10/10
  3399 | D:3      | HP: 1/35 [orc priest/divine providence (10)]
  3493 | D:4      | Killed from afar by a worm

Vault maps used:
D:1:      sevenhm_arrival_forest_fort_small_3, minmay_misc_feat_roman,
          st_stairs_11, minivault_23
D:2:      lightli_temple_of_fire, nicolae_qazlal_style_of_elements, first_bread,
          kennysheep_generic_room_8, uniq_jessica
D:3:      ecumenical_altar_2
D:4:      nicolae_overflow_hidden_temple, tso_oasis_becter,
          minmay_temple_entry_junction2, gup_sewer_entry_glass,
          minmay_misc_feat_pillars, st_stairs_3, minmay_fountain_box

Action                   |  1- 3 |  4- 6 || total
-------------------------+-------+-------++-------
Melee: Short sword       |   110 |   156 ||   266
       Whip              |       |     1 ||     1
 Cast: Infusion          |     3 |     6 ||     9
       Shroud of Golubri |     1 |     3 ||     4
Evoke: Wand              |       |     1 ||     1
  Use: Scroll            |     1 |     2 ||     3
       Potion            |       |     2 ||     2
  Eat: Chunk             |     2 |     7 ||     9
